 Dungeon Crawl Stone Soup version 0.31-a0-164-g2312942fda (webtiles) character file.

Game seed: 15795957516905305854

1517273 ragingrage the Warrior (level 25, 226/226 HPs)
             Began as a Naga Wanderer on June 13, 2023.
             Was the Champion of Ru.
             Escaped with the Orb
             ... and 3 runes!
             The game lasted 02:11:46 (77726 turns).

ragingrage the Warrior (Naga Wanderer)             Turns: 77726, Time: 02:11:47

Health: 226/226    AC: 23    Str:  8      XL:     25   Next: 72%
Magic:  31/31      EV:  9    Int: 28      God:    Ru [******]
Gold:   3307       SH:  0    Dex: 13 (14) Spells: 4/40 levels left

rFire   + . .        b - staff of poison "Ukhlemm" {rElec rPois rF+ Stlth+}
rCold   + + .        (no shield)
rNeg    + + .        Z - +0 troll leather armour
rPois   +            d - +2 hat "Akos" {rN+}
rElec   +            l - +4 cloak of Doxeat {Regen+ Slay+2}
rCorr   .            q - +0 pair of gloves
SInv    +            L - +1 barding {Stlth+}
Will    ++...        e - amulet of regeneration
Stlth   ++           F - ring of Ephemeral Luck {rC+ Int+4 Slay+2}
HPRegen 2.97/turn    N - ring "Wizoiq" {rElec rN+ Slay+4}
MPRegen 0.22/turn

%: no passive effects
@: very slow
A: AC +8, large, see invisible, deformed body, poison resistance, slowness 2,
spit poison 1, inability to drink after injury 2, cowardly, inability to train
armour, weak-willed 1, unskilled 1, naga tail 2, cold resistance 1,
deterioration 1, dopey 1, frail 1, low MP 1, mutation resistance 1, weak 1, no
potion heal 1
0: Orb of Zot
}: 3/15 runes: decaying, abyssal, gossamer
a: Spit Poison, Renounce Religion, Draw Out Power, Power Leap, Apocalypse


You escaped.
You worshipped Ru.
Ru was exalted by your worship.
You visited 10 branches of the dungeon, and saw 47 of its levels.
You visited the Abyss 1 time.
You also visited: Trove, Sewer and Wizlab.

You collected 7668 gold pieces.
You spent 4361 gold pieces at shops.

Inventory:

Hand Weapons
 a - the +8 arc blade {discharge, rElec}
   (You took it off Nikola on level 2 of the Spider Nest)

   rElec:     It insulates you from electricity.
Missiles
 U - 2 throwing nets
Armour
 d - the +2 hat "Akos" (worn) {rN+}
   (You found it on level 4 of the Spider Nest)

   rN:        It protects you from negative energy.
 l - the +4 cloak of Doxeat (worn) {Regen+ Slay+2}
   (You found it on level 4 of the Vaults)

   Slay:      It affects your accuracy & damage with ranged weapons and melee
   (+2).
   Regen:     It increases your rate of health regeneration.
 q - a +0 pair of gloves (worn)
 L - a +1 barding of stealth (worn)
 Z - a +0 troll leather armour (worn)
Magical Staves
 b - the staff of poison "Ukhlemm" (weapon) {rElec rPois rF+ Stlth+}
   (You found it on level 3 of the Elven Halls)

   [staff of poison]

   Base accuracy: +5 Base damage: 5 Base attack delay: 1.2 This weapon's minimum
   attack delay (0.6) is reached at skill level 12.
   rF:        It protects you from fire.
   rElec:     It insulates you from electricity.
   rPois:     It protects you from poison.
   Stlth:     It makes you more stealthy.
   It falls into the 'Staves' category.
   It is a one-handed weapon.
Jewellery
 e - an amulet of regeneration (around neck)
 t - the ring "Xaeddoe" {rElec rC+}
   (You bought it in a shop on level 1 of the Elven Halls)

   [ring of protection from cold]

   rC:        It protects you from cold.
   rElec:     It insulates you from electricity.
 v - a ring of resist corrosion
 F - the ring of Ephemeral Luck (left hand) {rC+ Int+4 Slay+2}
   (You found it in a treasure trove)

   [ring of protection from cold]

   Int:       It affects your intelligence (+4).
   Slay:      It affects your accuracy & damage with ranged weapons and melee
   (+2).
   rC:        It protects you from cold.
 N - the ring "Wizoiq" (right hand) {rElec rN+ Slay+4}
   (You bought it in a shop on level 3 of the Depths)

   [ring of slaying]

   Slay:      It affects your accuracy & damage with ranged weapons and melee
   (+4).
   rElec:     It insulates you from electricity.
   rN:        It protects you from negative energy.
Wands
 m - a wand of flame (140)
 y - a wand of mindburst (37)
 C - a wand of acid (34)
 D - a wand of polymorph (19)
 M - a wand of paralysis (48)
 R - a wand of digging (25)
 T - a wand of roots (63)
Scrolls
 c - a scroll of summoning
 i - 4 scrolls of poison
 n - 10 scrolls of fog
 s - 6 scrolls of vulnerability
 w - 6 scrolls of revelation
 z - 21 scrolls of teleportation
 B - 4 scrolls of blinking
 E - 4 scrolls of torment
 H - 5 scrolls of immolation
 Q - 2 scrolls of silence
 S - a scroll of brand weapon
 Y - 5 scrolls of fear
Potions
 f - 9 potions of brilliance
 g - 16 potions of heal wounds
 h - a potion of magic
 j - 7 potions of berserk rage
 o - 4 potions of haste
 p - 13 potions of ambrosia
 r - 16 potions of curing
 u - 4 potions of invisibility
 A - 6 potions of might
 I - 6 potions of attraction
 P - 6 potions of cancellation
 V - 6 potions of enlightenment
 W - 9 potions of lignification
 X - 2 potions of resistance
Miscellaneous
 k - a phantom mirror
 x - a phial of floods
 G - a sack of spiders (inert)
 J - a piece from Xom's chessboard (15/15)
 K - a lightning rod (4/4)
 O - a tin of tremorstones (2/2)


   Skills:
 + Level 19.9 Fighting
 - Level 0.2 Short Blades
 - Level 1.7 Maces & Flails
 + Level 5.8 Dodging
 - Level 10.0 Stealth
 + Level 18.9 Unarmed Combat
 - Level 8.0 Spellcasting
 - Level 9.1 Conjurations
 - Level 12.0 Necromancy
 - Level 6.0 Translocations
 - Level 17.0 Transmutations
 - Level 3.6 Fire Magic
 - Level 3.0 Air Magic
 - Level 11.0 Poison Magic
 - Level 18.0 Evocations


You had 4 spell levels left.
You knew the following spells:

 Your Spells              Type           Power      Damage    Failure   Level
a - Dragon Form           Tmut           41%        N/A       5%          7
b - Wereblood             Tmut           82%        N/A       0%          2
c - Death Channel         Necr           34%        N/A       8%          6
d - Mephitic Cloud        Conj/Pois/Air  69%        N/A       1%          3
e - Irradiate             Conj/Tmut      35%        3d23      1%          5
f - Ignite Poison         Fire/Tmut/Pois 81%        N/A       1%          3
g - Olgreb's Toxic Radia  Pois           83%        N/A       1%          4
h - Poisonous Vapours     Pois/Air       100%       N/A       1%          2
i - Manifold Assault      Tloc           44%        N/A       6%          4

Your spell library contained the following spells:

 Spells                   Type           Power      Damage    Failure   Level
 Foxfire                  Conj/Fire      100%       2x1d9     1%          1
 Kiss of Death            Conj/Necr      100%       2d13      1%          1
 Magic Dart               Conj           100%       1d8       1%          1
 Necrotise                Necr           100%       1d9       1%          1
 Shock                    Conj/Air       100%       1d9       1%          1
 Sting                    Tmut/Pois      100%       1d8       1%          1
 Cigotuvi's Dreadful Rot  Necr/Pois/Air  100%       N/A       1%          2
 Lesser Beckoning         Tloc           88%        N/A       1%          2
 Passwall                 Tmut/Erth      46%        N/A       1%          2
 Sublimation of Blood     Necr           68%        N/A       1%          2
 Gell's Gravitas          Tloc           44%        N/A       1%          3
 Spider Form              Tmut/Pois      94%        N/A       1%          3
 Teleport Other           Tloc           44%        N/A       1%          3
 Vampiric Draining        Necr           68%        2d10      1%          3
 Animate Dead             Necr           68%        N/A       1%          4
 Dispel Undead            Necr           68%        3d23      1%          4
 Stone Arrow              Conj/Erth      72%        3d11      3%          3
 Volatile Blastmotes      Fire/Tloc      76%        2d16      3%          3
 Iskenderun's Mystic Bla  Conj/Tloc      52%        2d11      3%          4
 Portal Projectile        Hex/Tloc       56%        N/A       6%          3
 Swiftness                Air            28%        N/A       6%          3
 Anguish                  Hex/Necr       22%        N/A       6%          4
 Sandblast                Erth           22%        2d7       7%          1
 Slow                     Hex            44%        N/A       7%          1
 Call Imp                 Summ           22%        N/A       11%         2
 Ensorcelled Hibernation  Hex/Ice        22%        N/A       11%         2
 Fulminant Prism          Conj/Hex       18%        3d10      11%         4
 Airstrike                Air            14%        2d(2-18)  21%         4
 Confusing Touch          Hex            11%        N/A       22%         3
 Tukima's Dance           Hex            11%        N/A       22%         3
 Leda's Liquefaction      Hex/Erth       5%         N/A       56%         4
 Summon Ice Beast         Ice/Summ       11%        N/A       56%         4
 Agony                    Necr           68%        N/A       1%          5
 Blade Hands              Tmut           41%        N/A       1%          5
 Iskenderun's Battlesphe  Conj           58%        2d11      4%          5
 Borgnjor's Vile Clutch   Necr/Erth      22%        N/A       17%         5
 Statue Form              Tmut/Erth      37%        N/A       32%         6
 Freezing Cloud           Conj/Ice/Air   16%        6-21      36%         5
 Dispersal                Tloc           22%        N/A       67%         6
 Simulacrum               Ice/Necr       22%        N/A       67%         6
 Necromutation            Tmut/Necr      37%        N/A       77%         8
 Leda's Unmaking          Conj/Erth      18%        9d4       86%         6
 Lee's Rapid Deconstruct  Erth           5%         3d6*      89%         5
 Summon Mana Viper        Hex/Summ       11%        N/A       89%         5
 Borgnjor's Revivificati  Necr           34%        N/A       98%         8
 Infestation              Necr           34%        N/A       98%         8
 Haunt                    Necr/Summ      22%        N/A       99%         7
 Summon Cactus Giant      Summ           5%         N/A       100%        6
 Monstrous Menagerie      Summ           5%         N/A       100%        7
 Spellforged Servitor     Conj/Summ      18%        N/A       100%        7
 Summon Hydra             Summ           5%         N/A       100%        7
 Disjunction              Tloc           22%        N/A       100%        8


Dungeon Overview and Level Annotations

Branches:
Dungeon (15/15)            Temple (1/1) D:6            Lair (5/5) D:8
  Swamp (4/4) Lair:2       Spider (4/4) Lair:2        Slime (0/5) Lair:5
    Orc (2/2) D:10            Elf (3/3) Orc:2        Vaults (4/5) D:13
  Crypt (0/3) Vaults:2     Depths (4/4) D:15            Zot (5/5) Depths:4
  Sewer (visited)          WizLab (visited)

Altars:
Ashenzari
Cheibriados
Dithmenos
Elyvilon
Fedhas
Gozag
Hepliaklqana
Kikubaaqudgha
Makhleb
Nemelex Xobeh
Okawaru
Qazlal
Ru
Sif Muna
Trog
Uskayaw
Vehumet
Wu Jian
Xom
Yredelemnul
Zin
The Shining One
Jiyva
Lugonu

Shops:
D:11 (   D:15 :!:*   Orc:1 (   Orc:2 [*(*(   Elf:1 ==:=   Elf:2 =   Elf:3 (
Vaults:2 (   Vaults:3 =   Depths:1 *[(   Depths:2 =   Depths:3 [=

Portals:
Hell: Depths:1 Depths:2 Depths:3 Depths:4
Abyss: Depths:3 Depths:4
Pandemonium: Depths:2 Depths:3
Ziggurat: Depths:3

Annotations:
D:4 exclusion: 2 doors, Edmund
D:5 2 transporters, Serulin's ghost, novice GrDe
D:10 4 runed translucent doors
Spider:2 Louise
Elf:2 2 runed translucent doors
Vaults:1 2 transporters, exclusion: obsidian statue
Zot:1 2 transporters, Juhipt's ghost, veteran MiBe
Zot:3 6 transporters
Zot:5 exclusion: moth of wrath


Innate Abilities, Weirdness & Mutations

Your serpentine skin is tough. (AC +8)
You have supernaturally acute eyesight. (SInv)
Armour fits poorly on your strangely shaped body.
Your system is resistant to poisons. (rPois)
You cover ground very slowly.
You can spit poison.
You sometimes lose the ability to drink potions when taking damage.
Your cowardice makes you less effective in combat with threatening foes.
You cannot train Armour skill.
You are slightly weak-willed. (Will-)
You are somewhat unskilled. (-1 Apt)
You can use your snake-like lower body to constrict enemies.
Your flesh is cold resistant. (rC+)
Your body sometimes deteriorates upon taking damage.
You are dopey. (Int -2)
You are frail. (-10% HP)
Your magical capacity is low. (-10% MP)
You are somewhat resistant to further mutation.
You are weak. (Str -2)
Potions are less effective at restoring your health.


Message History

(D) Dungeon (T) Temple (L) Lair (S) Swamp (N) Spider Nest (M) Slime Pits (O) Orcish Mines (E) Elven Halls (V) Vaults (C) Crypt (U) Depths (H) Hell (Z) Zot
Where to? (Enter - D:1 @ (x,y), ? - help)
An Orb Guardian comes into view.
You maul the Orb Guardian!!!
Your tail-slap misses the Orb Guardian.
The Orb Guardian hits you!!
You completely miss the Orb Guardian.
You maul the Orb Guardian!!!
You bite the Orb Guardian, but do no damage.
The Orb Guardian hits you!!
You maul the Orb Guardian!!!
You kill the Orb Guardian!
No target in view!
No target in view!
No target in view!
No target in view!
No target in view!
No target in view!
(D) Dungeon (T) Temple (L) Lair (S) Swamp (N) Spider Nest (M) Slime Pits (O) Orcish Mines (E) Elven Halls (V) Vaults (C) Crypt (U) Depths (H) Hell (Z) Zot
Where to? (Enter - D:1 @ (x,y), ? - help)
There is an escape hatch in the ceiling here.
There is a stone staircase leading up here.
You fly upwards.
There is a stone staircase leading down here.
Your transformation is almost over.
Your transformation has ended.
The staff of poison "Ukhlemm" {rElec rPois rF+ Stlth+} unmelds from your body.
The +4 cloak of Doxeat {Regen+ Slay+2} unmelds from your body.
The +2 hat "Akos" {rN+} unmelds from your body.
Your +0 pair of gloves unmelds from your body.
Your +1 barding of stealth unmelds from your body.
Your +0 troll leather armour unmelds from your body.
You feel stealthy.
There is a staircase leading out of the dungeon here.
You have escaped!

#.# #.##.# #.#
#.##.# #.# #.##.#
#.# #....# #.#
###### ##.# #..#
#.########
#.#>##..@#
#########.#......#
......##..###..###
.........###.....#
.......#####...#.#
......## #.#..#.#
##.##.# ###....#
#..##.# #..#.#
..###.# ##...##


There were no monsters in sight!

Vanquished Creatures
  A dread lich (Zot:5)
  7 orbs of fire
  An ancient lich (Zot:5)
  Sojobo (Vaults:3)
  Bai Suzhen (Depths:1)
  9 Killer Klowns
  the Lernaean hydra (Swamp:4)
  6 curse toes
  Saint Roka (Depths:4)
  A caustic shrike (Depths:3)
  6 golden dragons
  Jory (Vaults:3)
  A bone dragon (Abyss:3)
  2 electric golems (Zot:5)
  A walking crystal tome (Depths:3)
  2 Ice Fiends
  13 tentacled monstrosities
  22 Orb Guardians
  2 quicksilver dragons
  2 titans (Depths:4)
  2 deep elf master archers (Elf:3)
  4 deep elf blademasters (Elf:3)
  7 death cobs
  6 liches (Abyss:3)
  A sphinx (Depths:4)
  2 Executioners
  The ghost of logorrheac the Brawler, an adept TrBe of Trog (Swamp:1)
  3 ancient champions (WizLab)
  16 storm dragons
  6 shadow dragons
  6 tengu reavers
  5 draconian monks
  Roxanne (Elf:1)
  3 fire giants
  3 fenstrider witches
  3 revenants (WizLab)
  5 deep elf sorcerers (Elf:3)
  5 emperor scorpions
  Aizul (Vaults:3)
  The ghost of Drazool the Acrobat, an adept SpHu of Okawaru (Swamp:1)
  3 frost giants (Depths:4)
  3 vault wardens
  4 draconian scorchers
  An iron dragon (Depths:4)
  7 draconian shifters
  2 spectral caustic shrikes (WizLab)
  3 deep elf elementalists (Elf:3)
  5 draconian knights
  4 ghouls
  An orc warlord (Vaults:4)
  A formless jellyfish (Vaults:4)
  A cacodemon (Depths:4)
  10 ghost moths
  3 draconian stormcallers
  2 draconian annihilators (Zot:2)
  2 broodmothers
  3 war gargoyles
  A quicksilver ooze (shapeshifter) (Abyss:3)
  8 ironbound preservers
  10 ironbound thunderhulks
  6 stone giants
  Nessos (D:12)
  4 deep elf demonologists (Elf:3)
  6 black draconians
  6 green draconians
  4 eleionomae
  10 yellow draconians
  5 halazid warlocks (WizLab)
  A lorocyproca (Zot:5)
  5 spark wasps
  13 deep elf annihilators (Elf:3)
  16 dire elephants
  6 red draconians
  5 bunyips
  10 purple draconians
  A demonspawn black sun (Zot:5)
  5 white draconians
  3 eidola (WizLab)
  Snorg (D:10)
  8 ettins
  9 deep elf death magi
  A merfolk javelineer (Depths:1)
  2 blizzard demons (D:10)
  2 spectral quicksilver dragons (WizLab)
  4 entropy weavers
  2 crystal guardians (Vaults:2)
  13 fire dragons
  7 jiangshi
  8 great orbs of eyes
  A quicksilver dragon zombie (WizLab)
  7 yaktaur captains
  Harold (D:10)
  15 hydras
  6 deep elf high priests
  A spriggan air mage (Depths:4)
  10 ice dragons
  A vault guard (D:13)
  A catoblepas (Lair:5)
  5 ghost crabs
  5 peacekeepers
  4 centaur warriors
  8 ironbound frosthearts
  2 radroaches
  3 ogre magi
  An anaconda (Swamp:4)
  2 deep troll shamans (Depths:1)
  6 two-headed ogres
  5 boulder beetles
  4 death yaks (Lair:5)
  8 alligators
  14 dancing weapons
  5 orc high priests (Orc:2)
  3 tengu warriors
  4 hell hogs (Abyss:3)
  5 vampire magi
  17 hell knights
  4 spriggan berserkers
  A spectral dire elephant (Lair:5)
  11 spriggans
  2 sun moths
  4 large abominations
  5 deep elf knights
  A spectral death yak (Lair:5)
  A wretched star (Abyss:3)
  2 iron trolls (Depths:1)
  3 pharaoh ants
  A shadow wraith (WizLab)
  A sixfirhy (Depths:4)
  3 spectral spark wasps (WizLab)
  3 spriggan druids
  A spark wasp zombie (WizLab)
  13 skeletal warriors
  2 skysharks
  A death drake (Swamp:2)
  2 goliath frogs (Swamp:2)
  3 glowing orange brains
  A shadow demon (Zot:5)
  A spectral anaconda (Lair:5)
  5 orb spiders
  3 flayed ghosts
  24 deep trolls
  Pikel (D:7)
  4 steelbarb worms
  13 swamp dragons
  10 lindwurms
  8 deep elf archers
  2 obsidian statues
  2 wolf spider zombies (WizLab)
  4 wizards
  3 phantasmal warriors
  13 ironbound convokers
  7 bog bodies
  6 harpies
  24 ugly things
  13 wolf spiders
  24 deep elf pyromancers
  7 cyclopes
  7 orc knights (Orc:2)
  17 deep elf zephyrmancers
  2 spectral spriggans (WizLab)
  10 necromancers
  7 will-o-the-wisps
  22 moths of wrath
  3 dire elephant zombies
  14 vault sentinels
  A shining eye (Depths:3)
  A stone giant skeleton (Vaults:4)
  38 slime creatures
  10 apocalypse crabs
  2 human skeletons
  A fire giant skeleton (Vaults:1)
  15 elephants
  A black mamba (shapeshifter) (Elf:1)
  2 smoke demons (Abyss:3)
  8 black mambas
  4 torpor snails
  An orange demon (Depths:4)
  2 ice statues (Depths:3)
  9 cane toads
  2 gargoyles
  Maggie (D:6)
  A dire elephant skeleton (Lair:5)
  13 yaktaurs
  6 rime drakes
  2 ice devils (Depths:3)
  13 komodo dragons
  2 unseen horrors
  3 tengu conjurers
  4 efreet
  4 freezing wraiths
  A yaktaur skeleton (Vaults:4)
  6 trolls
  A polar bear (Lair:3)
  3 ancient zymes (Abyss:3)
  7 meliai
  A queen bee (D:12)
  10 tyrant leeches
  12 hornets
  16 blink frogs
  A spectral elephant (Lair:5)
  19 tarantellas
  A snapping turtle (shapeshifter) (Elf:3)
  A stone giant simulacrum (Vaults:1)
  5 raiju (Abyss:3)
  2 air elementals
  11 flying skulls (WizLab)
  11 jumping spiders
  3 shadows
  A slime creature (shapeshifter) (Depths:3)
  An ettin skeleton (Vaults:4)
  9 culicivoras
  9 wyverns
  3 vampires (Vaults:2)
  11 water elementals
  A human (shapeshifter) (Elf:1)
  57 yaks
  A yak (shapeshifter) (Abyss:3)
  A ynoxinul (Depths:4)
  9 vampire mosquitoes
  A wraith (D:9)
  2 fire elementals
  4 starcursed masses (Abyss:3)
  A redback (shapeshifter) (Abyss:3)
  49 redbacks
  6 basilisks
  7 chaos spawn (Abyss:3)
  2 wargs (Depths:4)
  A spectral cane toad (Lair:5)
  15 swamp worms
  2 acid dragons
  17 water moccasins
  A floating eye (shapeshifter) (Abyss:3)
  4 floating eyes
  4 black bears
  2 sky beasts (D:8)
  44 orc warriors
  3 elephant zombies
  11 swamp drakes
  2 ice beasts
  12 ogres
  A boggart (D:13)
  A small abomination (Abyss:3)
  19 wolves
  10 centaurs
  2 elephant skeletons (Lair:5)
  2 lemures (D:8)
  3 kobold brigands
  Blork the orc (D:5)
  18 bullfrogs
  A komodo dragon zombie (Lair:4)
  4 scorpions
  A cane toad simulacrum (Lair:5)
  4 earth elementals
  4 wights
  An elephant simulacrum (Lair:5)
  17 killer bees
  2 electric eels (Lair:4)
  2 howler monkeys
  A human simulacrum (Vaults:1)
  A basilisk zombie (Lair:4)
  3 hounds (D:7)
  3 jellies
  29 orc priests
  An iron imp (Abyss:3)
  A sleepcap (D:7)
  Natasha (D:3)
  4 iguanas
  20 orc wizards
  4 gnolls (D:2)
  17 adders
  3 shadow imps
  2 white imps
  3 ufetubi
  A worm (D:4)
  5 dart slugs
  118 orcs
  5 ball pythons
  7 bats
  7 endoplasms
  3 giant cockroaches (D:6)
  7 goblins
  6 hobgoblins
  7 jackals
  2 quokkas
  6 frilled lizards
  5 kobolds
  3 rats
  2 butterflies (D:6)
1785 creatures vanquished.

Vanquished Creatures (collateral kills)
  2 golden dragons
  Nikola (Spider:2)
  2 tentacled monstrosities
  5 Orb Guardians (Zot:5)
  2 storm dragons
  A frost giant (Depths:1)
  A draconian knight (Zot:3)
  A ghost moth (Zot:3)
  A draconian scorcher (Zot:1)
  A black draconian (Zot:3)
  A red draconian (Depths:4)
  A dire elephant (Vaults:1)
  2 yellow draconians (Zot:3)
  A jiangshi (Depths:1)
  A deep elf high priest (Elf:3)
  A rakshasa (Depths:2)
  2 spriggan berserkers
  3 hell knights
  An iron troll (Depths:1)
  A pharaoh ant (Spider:2)
  2 deep trolls (Vaults:1)
  2 swamp dragons (Swamp:4)
  2 wizards
  An ironbound convoker (Vaults:1)
  2 necromancers (Depths:4)
  3 moths of wrath
  A tengu conjurer (Depths:1)
  A tarantella (Spider:2)
  A hornet (Depths:1)
  A spriggan (Depths:1)
  A water elemental (Depths:3)
  A water moccasin (Lair:2)
  An orc priest (Depths:4)
  An orc (Depths:4)
  26 foxfires
77 creatures vanquished.

Vanquished Creatures (others)
  A Killer Klown (Zot:5)
  2 quicksilver dragons
  An Orb Guardian (Zot:5)
  A sphinx (Depths:3)
  2 ghouls
  A bunyip (Swamp:4)
  A fire dragon (D:15)
  A hydra (Swamp:2)
  A death yak (Lair:5)
  A deep elf knight (Elf:2)
  A pharaoh ant (Spider:1)
  A bog body (Lair:1)
  A necromancer (Depths:4)
  An orc knight (Orc:2)
  A deep elf pyromancer (Elf:1)
  A cane toad (Lair:5)
  A black mamba (Lair:5)
  A yaktaur (Vaults:3)
  A komodo dragon (Lair:4)
  4 bloated husks
  A hornet (Swamp:2)
  A culicivora (Spider:4)
  A jumping spider (Spider:3)
  2 yaks (Lair:4)
  An orc wizard (Orc:1)
  2 orcs
  1630 foxfires
1663 creatures vanquished.

Grand Total: 3525 creatures vanquished

Notes
Turn   | Place    | Note
-------+----------+-------------------------------------------
     0 | D:1      | ragingrage the Naga Wanderer began the quest for the Orb.
     0 | D:1      | ragingrage set off with the following items: a +0 dagger, a
                  | potion of curing, a +0 robe, a +0 helmet; and the following
                  | spells available to memorise: Necrotise, Sublimation of
                  | Blood, Kiss of Death, Foxfire, Ignite Poison.
     0 | D:1      | Reached XP level 1. HP: 15/15 MP: 3/3
     2 | D:1      | Learned a level 1 spell: Necrotise
     4 | D:1      | Learned a level 1 spell: Kiss of Death
   175 | D:1      | Reached XP level 2. HP: 22/22 MP: 3/5
   421 | D:1      | Learned a level 1 spell: Foxfire
   613 | D:1      | Reached XP level 3. HP: 26/28 MP: 6/6
  1104 | D:2      | Learned a level 3 spell: Mephitic Cloud
  1238 | D:2      | Reached skill level 1 in Conjurations
  1335 | D:2      | Reached skill level 1 in Poison Magic
  1335 | D:2      | Reached XP level 4. HP: 11/36 MP: 1/7
  1634 | D:2      | Reached skill level 1 in Air Magic
  2537 | D:3      | Reached XP level 5. HP: 42/42 MP: 3/8
  3296 | D:3      | Noticed Natasha
  3316 | D:3      | Killed Natasha
  3776 | D:4      | Noticed Edmund
  4133 | D:4      | Reached XP level 6. HP: 41/49 MP: 5/10
  4505 | D:5      | Entered Level 5 of the Dungeon
  4525 | D:5      | Learned a level 3 spell: Ignite Poison
  4732 | D:5      | Found a transporter.
  4927 | D:5      | Found a burning altar of Makhleb.
  4962 | D:5      | Noticed an ice beast
  4992 | D:5      | Found a transporter.
  4992 | D:5      | Noticed Serulin's ghost (novice GrDe)
  5121 | D:5      | Noticed Blork the orc
  5131 | D:5      | Killed Blork the orc
  5132 | D:5      | Reached XP level 7. HP: 38/55 MP: 2/11
  5145 | D:5      | Reached skill level 5 in Poison Magic
  5804 | D:6      | Reached XP level 8. HP: 48/62 MP: 3/12
  5886 | D:6      | Noticed Maggie
  5901 | D:6      | Killed Maggie
  5902 | D:6      | Reached skill level 5 in Conjurations
  6050 | D:6      | Found a shimmering altar of Xom.
  6135 | D:6      | Found a glowing drain.
  6174 | Sewer    | Entered a sewer
  6680 | D:6      | Found a staircase to the Ecumenical Temple.
  6687 | Temple   | Entered the Ecumenical Temple
  6765 | Temple   | Became a worshipper of Ru the Awakened
  6811 | D:6      | Reached XP level 9. HP: 68/68 MP: 0/13
  7176 | D:6      | Found a blossoming altar of Fedhas.
  7176 | D:6      | Found a sparkling altar of Nemelex Xobeh.
  7752 | D:7      | Learned a level 5 spell: Irradiate
  7879 | D:7      | Found a stormy altar of Qazlal.
  7930 | D:7      | Reached skill level 1 in Transmutations
  8417 | D:7      | Found a hide-covered altar of Uskayaw.
  8425 | D:7      | Found a bloodstained altar of Trog.
  8834 | D:7      | Gained mutation: Your cowardice makes you less effective in
                  | combat with threatening foes. [Ru sacrifice]
  8834 | D:7      | Reached * piety under Ru
  9180 | D:7      | Reached skill level 5 in Transmutations
  9366 | D:7      | Noticed an unseen horror
  9373 | D:7      | Killed an unseen horror
  9374 | D:7      | Reached XP level 10. HP: 73/76 MP: 1/16
  9444 | D:7      | Noticed a skeletal warrior
  9547 | D:8      | Reached skill level 1 in Fighting
  9706 | D:7      | Reached skill level 2 in Fighting
 10029 | D:7      | Reached skill level 3 in Fighting
 10425 | D:8      | Noticed Pikel
 10441 | D:7      | Killed Pikel
 10595 | D:8      | Found a basalt altar of Yredelemnul.
 10627 | D:8      | Reached skill level 4 in Fighting
 10860 | D:8      | Found a hazy altar of Hepliaklqana.
 10950 | D:8      | Found a staircase to the Lair.
 11335 | D:9      | Reached skill level 5 in Fighting
 11719 | D:9      | Reached XP level 11. HP: 83/94 MP: 14/17
 11920 | D:9      | Gained mutation: You are slightly weak-willed. (Will-) [Ru
                  | sacrifice]
 11920 | D:9      | Reached ** piety under Ru
 12313 | D:9      | Identified the +2 scale mail of Zoafub {Dex+6}
 12546 | D:10     | Entered Level 10 of the Dungeon
 12630 | D:10     | Found a runed translucent door.
 12664 | D:10     | Noticed Snorg
 12760 | Lair:1   | Entered Level 1 of the Lair of Beasts
 13502 | Lair:1   | Reached skill level 1 in Maces & Flails
 13526 | Lair:1   | Noticed a wolf spider
 13742 | Lair:1   | Noticed a wolf spider
 13792 | D:8      | Killed a wolf spider
 13793 | D:8      | Reached skill level 10 in Conjurations
 13862 | Lair:1   | Killed a wolf spider
 13863 | Lair:1   | Reached skill level 10 in Poison Magic
 14306 | Lair:1   | Reached skill level 10 in Transmutations
 14531 | Lair:1   | Identified a scroll of acquirement
 14547 | Lair:1   | Acquired a +1 barding of stealth
 14916 | Lair:1   | Reached XP level 12. HP: 92/104 MP: 18/18
 14989 | Lair:1   | Reached skill level 6 in Fighting
 15729 | Lair:1   | Reached skill level 7 in Fighting
 15834 | Lair:2   | Identified the +9 sling "Inata" {antimagic, rC+ rN+ Dex+5}
 15851 | Lair:2   | Found a staircase to the Swamp.
 15921 | Lair:2   | Learned a level 2 spell: Wereblood
 16196 | Lair:2   | Gained mutation: You cannot train Armour skill. [Ru
                  | sacrifice]
 16196 | Lair:2   | Reached *** piety under Ru
 16708 | Lair:2   | Reached skill level 8 in Fighting
 16956 | Lair:2   | Found a hole to the Spider Nest.
 17810 | Lair:3   | Reached skill level 9 in Fighting
 17825 | Lair:3   | Noticed a skyshark
 17847 | Lair:2   | Killed a skyshark
 18362 | Lair:3   | Gained mutation: You can use your snake-like lower body to
                  | constrict enemies. [Naga growth]
 18362 | Lair:3   | Reached XP level 13. HP: 121/121 MP: 11/19
 18571 | Lair:3   | Reached skill level 10 in Fighting
 20119 | Lair:4   | Identified the +5 battleaxe of Expedience {holy, *Rage rC++
                  | MP+9 Dex+3}
 20210 | Lair:4   | Gained mutation: You occasionally lose the ability to drink
                  | potions when taking damage. [Ru sacrifice]
 20210 | Lair:4   | Gained mutation: You sometimes lose the ability to drink
                  | potions when taking damage. [Ru sacrifice]
 20210 | Lair:4   | Reached **** piety under Ru
 20210 | Lair:4   | Reached ***** piety under Ru
 20506 | Lair:4   | Reached skill level 15 in Transmutations
 20835 | Lair:4   | Reached skill level 1 in Unarmed Combat
 21657 | Lair:5   | Entered Level 5 of the Lair of Beasts
 21657 | Lair:5   | Found a viscous altar of Jiyva.
 21657 | Lair:5   | Found a staircase to the Slime Pits.
 22567 | Lair:5   | Reached skill level 5 in Spellcasting
 22567 | Lair:5   | Reached XP level 14. HP: 116/122 MP: 10/21
 22957 | Lair:5   | Noticed a dire elephant
 22959 | Lair:5   | Noticed a dire elephant
 22959 | Lair:5   | Noticed a dire elephant
 23359 | Lair:4   | Learned a level 7 spell: Dragon Form
 24145 | D:10     | Found a runed translucent door.
 24158 | D:10     | Found a runed translucent door.
 24161 | D:10     | Gained mutation: You are somewhat unskilled. (-1 Apt) [Ru
                  | sacrifice]
 24161 | D:10     | Reduced skill Maces & Flails to level 1
 24161 | D:10     | Reduced skill Air Magic to level 1
 24161 | D:10     | Reached ****** piety under Ru
 24174 | D:10     | Found a runed translucent door.
 24196 | D:10     | Killed Snorg
 24540 | D:10     | Found a staircase to the Orcish Mines.
 24743 | D:10     | Noticed Harold
 24755 | D:10     | Killed Harold
 24756 | D:10     | Reached skill level 1 in Evocations
 25738 | D:11     | Found Reickaot's Antique Weapon Shoppe.
 26745 | Orc:1    | Entered Level 1 of the Orcish Mines
 27014 | Orc:2    | Entered Level 2 of the Orcish Mines
 27358 | Orc:2    | Found a staircase to the Elven Halls.
 27411 | Orc:2    | Found Omyon's Weapon Shop.
 28540 | Orc:2    | Reached skill level 5 in Unarmed Combat
 29229 | Orc:2    | Reached XP level 15. HP: 136/139 MP: 22/24
 29252 | Orc:2    | Found Woobban's Antique Armour Shoppe.
 29252 | Orc:2    | Found Iraph's General Store.
 29253 | Orc:2    | Found Cuarur's Assorted Antiques.
 29253 | Orc:2    | Found Peux's Weapon Shoppe.
 29261 | Orc:2    | Bought a viscous golden potion for 28 gold pieces
 29640 | Orc:1    | Found Tafekhan's Weapon Shop.
 30099 | D:12     | Identified the +7 hand axe "Dinnuev" {flame, rF+}
 30226 | D:12     | Reached skill level 11 in Fighting
 30354 | D:12     | Reached skill level 15 in Transmutations
 30671 | D:12     | Noticed Nessos
 30691 | D:12     | Killed Nessos
 30697 | D:12     | Gained mutation: Your magical capacity is low. (-10% MP)
                  | [mutagenic glow]
 30983 | D:13     | Found a blossoming altar of Fedhas.
 31464 | D:13     | Found a gate to the Vaults.
 31505 | D:13     | Reached skill level 5 in Evocations
 31681 | D:13     | Found a portal to a secret trove of treasure.
 31728 | D:13     | Gained mutation: You have hidden genetic defects.
                  | [mutagenic glow]
 31756 | D:13     | Lost mutation: You have hidden genetic defects. [potion of
                  | mutation]
 31756 | D:13     | Lost mutation: Your magical capacity is low. (-10% MP)
                  | [potion of mutation]
 31756 | D:13     | Gained mutation: You are frail. (-10% HP) [potion of
                  | mutation]
 31756 | D:13     | Gained mutation: Your movements are slightly less
                  | encumbered by armour. (ER -2) [potion of mutation]
 31756 | D:13     | Gained mutation: You are very frail. (-20% HP) [potion of
                  | mutation]
 31822 | D:13     | Lost mutation: You are very frail. (-20% HP) [potion of
                  | mutation]
 31822 | D:13     | Lost mutation: Your movements are slightly less encumbered
                  | by armour. (ER -2) [potion of mutation]
 31822 | D:13     | Gained mutation: You are dopey. (Int -2) [potion of
                  | mutation]
 31822 | D:13     | Gained mutation: Your magical capacity is low. (-10% MP)
                  | [potion of mutation]
 32507 | D:14     | Paralysed by an ogre mage for 2 turns
 32524 | D:13     | Learned a level 2 spell: Poisonous Vapours
 33783 | D:15     | Entered Level 15 of the Dungeon
 34207 | D:15     | Found Ykarigg's Book Shop.
 34209 | D:15     | Found Wiodgh's Assorted Antiques.
 34213 | D:15     | Bought a wavering platinum ring for 150 gold pieces
 34213 | D:15     | Identified the ring "Amaschuss" {MP+9 Int+5 Slay+5 Stlth-}
                  | (You bought it in a shop on level 15 of the Dungeon)
 34222 | D:15     | Acquired 776 gold pieces
 34224 | D:15     | Bought a scroll of acquirement for 1560 gold pieces
 34267 | D:15     | Found an opulent altar of Gozag.
 34466 | D:15     | Found Rutuet's Book Shop.
 34586 | D:15     | Found Wijuhe's Distillery.
 34590 | D:15     | Bought a potion of resistance for 100 gold pieces
 34830 | D:15     | Found Paemosah's General Store.
 35165 | D:15     | Found a staircase to the Depths.
 35335 | D:15     | Bought a Young Poisoner's Handbook for 280 gold pieces
 35627 | Lair:5   | Reached XP level 16. HP: 135/135 MP: 22/22
 35942 | Lair:5   | Reached skill level 10 in Poison Magic
 35992 | Lair:5   | Reached skill level 12 in Fighting
 36200 | Lair:5   | Learned a level 4 spell: Olgreb's Toxic Radiance
 36330 | Spider:1 | Entered Level 1 of the Spider Nest
 38385 | Spider:2 | Noticed Nikola
 38393 | Spider:2 | Killed Nikola
 38757 | Spider:2 | Noticed Louise
 39526 | Spider:3 | Reached XP level 17. HP: 140/145 MP: 23/23
 40311 | Spider:2 | Reached skill level 13 in Fighting
 40428 | Spider:4 | Entered Level 4 of the Spider Nest
 41222 | Spider:4 | Identified the +2 hat "Akos" {rN+}
 42440 | Spider:4 | Reached skill level 10 in Unarmed Combat
 42736 | Spider:4 | Got a gossamer rune of Zot
 42982 | Swamp:1  | Entered Level 1 of the Swamp
 43030 | Swamp:1  | Identified the +2 plate armour of Fortification {rC+}
 43350 | Swamp:1  | Found a runed translucent gate.
 43350 | Swamp:1  | Found a runed translucent gate.
 43350 | Swamp:1  | Found a runed translucent gate.
 43817 | Swamp:1  | Noticed Drazool's ghost (adept SpHu)
 43817 | Swamp:1  | Noticed logorrheac's ghost (adept TrBe)
 43855 | Swamp:1  | Killed logorrheac's ghost
 43861 | Swamp:1  | Killed Drazool's ghost
 44700 | Swamp:2  | Reached skill level 10 in Evocations
 44846 | Swamp:2  | Reached XP level 18. HP: 139/156 MP: 24/24
 45901 | Swamp:3  | Paralysed by a fenstrider witch for 4 turns
 46157 | Swamp:3  | Reached skill level 14 in Fighting
 46292 | Swamp:3  | Found a hazy altar of Hepliaklqana.
 46636 | Swamp:4  | Entered Level 4 of the Swamp
 46673 | Swamp:4  | Noticed a tentacled monstrosity
 46674 | Swamp:4  | Paralysed by a fenstrider witch for 5 turns
 46681 | Swamp:4  | Killed a tentacled monstrosity
 47806 | Swamp:4  | Noticed the 27-headed Lernaean hydra
 47815 | Swamp:4  | Killed the 27-headed Lernaean hydra
 47929 | Swamp:4  | Got a decaying rune of Zot
 48397 | Elf:1    | Entered Level 1 of the Elven Halls
 48415 | Elf:1    | Found Xoetef's Jewellery Boutique.
 48677 | Elf:1    | Bought the ring "Xaeddoe" {rElec rC+} for 507 gold pieces
 48677 | Elf:1    | Bought an amulet of regeneration for 390 gold pieces
 48827 | Elf:1    | Paralysed by an air elemental for 1 turns
 48933 | Elf:1    | Reached XP level 19. HP: 163/163 MP: 27/27
 49199 | Elf:1    | Noticed Roxanne
 49206 | Elf:1    | Killed Roxanne
 49409 | Elf:1    | Found Ibuy's Jewellery Emporium.
 49409 | Elf:1    | Found Ireep's Book Shop.
 49411 | Elf:1    | Found Gewnehuy's Jewellery Emporium.
 49629 | Elf:1    | Acquired 963 gold pieces
 49635 | Elf:2    | Found Cewuezau's Jewellery Boutique.
 49643 | Elf:2    | Identified the +2 robe of Generosity {rElec}
 49792 | Elf:2    | Found a runed translucent door.
 49818 | Elf:2    | Found a runed translucent door.
 50371 | Elf:3    | Entered Level 3 of the Elven Halls
 50583 | Elf:3    | Found Hupyukax's Antique Weapon Shop.
 51811 | Elf:3    | Paralysed by an air elemental for 1 turns
 52528 | Abyss:3  | Cast into level 3 of the Abyss (a deep elf sorcerer)
 52589 | Abyss:3  | Found a corrupted altar of Lugonu.
 52620 | Abyss:3  | Noticed a bone dragon
 52633 | Abyss:3  | Killed a bone dragon
 52638 | Abyss:3  | Found a corrupted altar of Lugonu.
 52745 | Abyss:3  | Reached skill level 5 in Stealth
 52791 | Abyss:3  | Reached XP level 20. HP: 153/171 MP: 28/28
 52810 | Abyss:3  | Got an abyssal rune of Zot
 52831 | Elf:3    | Escaped the Abyss
 53702 | Elf:3    | Got the Commentary on Lethal Sidekicks
 53707 | Elf:3    | Identified the scarf "Hyon" {shadows, Contam Fly rElec
                  | Stlth+}
 53722 | Elf:3    | Found the +3 robe of Clouds {*Thunder rCloud rElec}
 53757 | Elf:3    | Identified the staff of poison "Ukhlemm" {rElec rPois rF+
                  | Stlth+}
 53765 | Elf:3    | Identified the ring of Exkotwa {Fly rPois MP+9 Stlth-}
 53780 | Elf:3    | Identified the +1 robe of Hadjma {-Cast rN+ SInv}
 53784 | Elf:3    | Identified the +10 glaive of Causality {drain, Dex+5}
 53789 | Elf:3    | Identified the +1 morningstar of Rephoubb {flame, rCorr}
 54154 | Elf:3    | Found Hupyukax's Antique Weapon Shop.
 54715 | Vaults:1 | Entered Level 1 of the Vaults
 54723 | Vaults:1 | Identified the +8 quarterstaff of the Lair of Beasts
                  | {speed, Str+6}
 54775 | Vaults:1 | Found a magical portal.
 54790 | WizLab   | Entered Borgnjor's Mausoleum
 54900 | WizLab   | Reached skill level 10 in Stealth
 54911 | WizLab   | HP: 9/205 [revenant (9)]
 55043 | WizLab   | Reached skill level 15 in Evocations
 55120 | WizLab   | Gained mutation: Your body sometimes deteriorates upon
                  | taking damage. [mutagenic glow]
 55668 | WizLab   | Reached skill level 15 in Unarmed Combat
 55681 | WizLab   | Got Borgnjor's Meditations on Nightshade
 55683 | WizLab   | Got Borgnjor's Precepts of the Mortuary
 55691 | WizLab   | Learned a level 6 spell: Death Channel
 56610 | Vaults:1 | Reached XP level 21. HP: 162/162 MP: 27/29
 56852 | Vaults:1 | Found a transporter.
 56865 | Vaults:1 | Found a transporter.
 57520 | Vaults:2 | Found a staircase to the Crypt.
 57564 | Vaults:2 | Found Uduat's Weapon Shop.
 57770 | Vaults:2 | Reached skill level 5 in Necromancy
 58818 | Vaults:3 | Noticed Sojobo
 58829 | Vaults:3 | Killed Sojobo
 58938 | Vaults:3 | Noticed Aizul
 58950 | Vaults:3 | Killed Aizul
 59562 | Vaults:3 | Reached skill level 15 in Fighting
 59565 | Vaults:3 | Noticed Jory
 59573 | Vaults:3 | Killed Jory
 59635 | Vaults:3 | Found Hamiat's Jewellery Emporium.
 60745 | Vaults:4 | Reached XP level 22. HP: 189/189 MP: 29/30
 60831 | Vaults:4 | Identified the +4 cloak of Doxeat {Regen+ Slay+2}
 61211 | Vaults:4 | Paralysed by a formless jellyfish for 1 turns
 61444 | Vaults:4 | Paralysed by a great orb of eyes for 3 turns
 61981 | Depths:1 | Entered Level 1 of the Depths
 61992 | Depths:1 | Found Larairun's Antique Weapon Shop.
 61994 | Depths:1 | Found Uwki's Antique Armour Boutique.
 61996 | Depths:1 | Found Caip's Assorted Antiques.
 61999 | Depths:1 | Noticed Bai Suzhen
 62010 | Depths:1 | Killed Bai Suzhen
 62103 | Depths:1 | Reached skill level 10 in Necromancy
 62598 | D:13     | You paid a toll of a +5 demon whip to enter a treasure
                  | trove
 62599 | Trove    | Entered a treasure trove
 62599 | Trove    | Found the necklace of Bloodlust {Fury *Rage Will++ Int-3
                  | Slay+6}
 62599 | Trove    | Found the ring of the Mage {Wiz Archmagi}
 62601 | Trove    | Identified the ring "Veygikliudgh" {Wiz rPois Str+3 Stlth+}
 62605 | Trove    | Identified the amulet "Quskoliu" {Reflect Dex+3 SH+5 SInv}
 62608 | Trove    | Identified the ring of Ephemeral Luck {rC+ Int+4 Slay+2}
 62618 | Trove    | Identified the ring "Soidi" {Ice Int+6}
 62632 | Trove    | Identified the amulet "Lent" {Reflect rC++ Int+4 Slay-4
                  | SH+5}
 63453 | Depths:1 | Found a gateway to Hell.
 63877 | Depths:1 | Found a shimmering altar of Xom.
 64424 | Depths:2 | Found a one-way gate leading to the halls of Pandemonium.
 64500 | Depths:2 | Found an ornate altar of the Wu Jian Council.
 64816 | Depths:2 | Found Hogoiru's Jewellery Shop.
 65097 | Depths:3 | Found a one-way gateway to a ziggurat.
 65098 | Depths:3 | Paralysed by a floating eye for 4 turns
 65207 | Depths:3 | Noticed a golden dragon
 65217 | Depths:3 | Killed a golden dragon
 65336 | Depths:3 | Found an iron altar of Okawaru.
 65467 | Depths:3 | Found Arphija's Jewellery Shop.
 65474 | Depths:3 | Bought the ring "Wizoiq" {rElec rN+ Slay+4} for 1346 gold
                  | pieces
 65510 | Depths:3 | Identified the +9 halberd of Skirmishing {freeze, rN+++
                  | Stlth+}
 65836 | Depths:3 | Found a corrupted altar of Lugonu.
 65836 | Depths:3 | Found a one-way gate to the infinite horrors of the Abyss.
 66198 | Depths:3 | Found the +10 dark maul {heavy}
 66445 | Depths:3 | Found Netwup's Antique Armour Emporium.
 66544 | Depths:3 | Noticed a caustic shrike
 66550 | Depths:3 | Noticed a golden dragon
 66559 | Depths:3 | Killed a golden dragon
 66560 | Depths:3 | Killed a caustic shrike
 66626 | Depths:3 | Identified the +6 sling of Pandemonium {heavy, +Blink rC++
                  | rN+ Int-3}
 66830 | Depths:4 | Entered Level 4 of the Depths
 66917 | Depths:4 | Reached skill level 16 in Fighting
 67149 | Depths:4 | Noticed a golden dragon
 67153 | Depths:4 | Killed a golden dragon
 67336 | Depths:4 | Reached XP level 23. HP: 199/199 MP: 24/31
 67373 | Depths:4 | Noticed a golden dragon
 67379 | Depths:4 | Killed a golden dragon
 67593 | Depths:4 | Noticed a golden dragon
 67608 | Depths:4 | Killed a golden dragon
 67900 | Depths:4 | Reached skill level 17 in Fighting
 67980 | Depths:4 | Noticed Saint Roka
 67998 | Depths:4 | Killed Saint Roka
 68497 | Depths:4 | Found a gate to the Realm of Zot.
 68580 | Depths:4 | Noticed a golden dragon
 68589 | Depths:4 | Killed a golden dragon
 68690 | Zot:1    | Entered Level 1 of the Realm of Zot
 68865 | Zot:1    | Found a transporter.
 68873 | Zot:1    | Noticed Juhipt's ghost (veteran MiBe)
 68873 | Zot:1    | Noticed a golden dragon
 68877 | Zot:1    | Noticed an orb of fire
 69008 | Zot:1    | Found a transporter.
 69085 | Zot:1    | Learned a level 4 spell: Manifold Assault
 69636 | Zot:2    | Reached skill level 1 in Translocations
 69781 | Zot:2    | Noticed a golden dragon
 69789 | Zot:2    | Killed a golden dragon
 69814 | Zot:2    | Noticed a curse toe
 69832 | Zot:2    | Killed a curse toe
 70208 | Zot:2    | Noticed a Killer Klown
 70217 | Zot:2    | Killed a Killer Klown
 70908 | Zot:2    | Noticed a curse toe
 70911 | Zot:2    | Noticed a curse toe
 70915 | Zot:2    | Killed a curse toe
 70932 | Zot:2    | Killed a curse toe
 71053 | Zot:2    | Noticed a curse toe
 71055 | Zot:2    | Paralysed by you for 3 turns
 71075 | Zot:2    | Killed a curse toe
 71076 | Zot:2    | Reached skill level 18 in Fighting
 71079 | Zot:2    | Reached XP level 24. HP: 117/212 MP: 31/31
 71206 | Zot:2    | Found the +8 frozen axe "Frostbite" {freeze, freezing
                  | cloud, *Noise Fly rC+}
 71211 | Zot:2    | Identified the staff of poison "Duaplit" {rPois Will+ SInv
                  | Stlth-}
 71435 | Zot:2    | Reached skill level 5 in Translocations
 71523 | Zot:3    | Noticed a curse toe
 71529 | Zot:3    | Killed a curse toe
 73567 | Zot:3    | Found a transporter.
 73571 | Zot:3    | Found a transporter.
 73871 | Zot:3    | Found a transporter.
 73872 | Zot:3    | Found a transporter.
 73883 | Zot:3    | Noticed an orb of fire
 73894 | Zot:3    | Killed an orb of fire
 74040 | Zot:3    | Found a transporter.
 74046 | Zot:3    | Found a transporter.
 74851 | Zot:5    | Entered Level 5 of the Realm of Zot
 75087 | Zot:5    | Reached skill level 19 in Fighting
 75299 | Zot:5    | Noticed a dread lich
 75322 | Zot:5    | Killed a dread lich
 75540 | Zot:5    | Noticed an orb of fire
 75548 | Zot:5    | Killed an orb of fire
 75866 | Zot:5    | Noticed a Killer Klown
 75878 | Zot:5    | Killed a Killer Klown
 75921 | Zot:5    | Noticed a Killer Klown
 75923 | Zot:5    | Noticed an orb of fire
 75926 | Zot:5    | Gained mutation: Potions are less effective at restoring
                  | your health. [an orb of fire]
 75935 | Zot:5    | Noticed a Killer Klown
 75946 | Zot:5    | Killed a Killer Klown
 75947 | Zot:5    | Reached XP level 25. HP: 223/223 MP: 7/31
 75948 | Zot:5    | Noticed an orb of fire
 75951 | Zot:5    | Killed a Killer Klown
 75959 | Zot:5    | Killed an orb of fire
 75961 | Zot:5    | Noticed a Killer Klown
 75978 | Zot:5    | Killed a Killer Klown
 76345 | Zot:5    | Noticed a Killer Klown
 76361 | Zot:5    | Killed a Killer Klown
 76445 | Zot:5    | Noticed a Killer Klown
 76463 | Zot:5    | Killed a Killer Klown
 76544 | Zot:5    | Noticed an orb of fire
 76550 | Zot:5    | Gained mutation: Your flesh is cold resistant. (rC+) [an
                  | orb of fire]
 76556 | Zot:5    | Gained mutation: You are somewhat resistant to further
                  | mutation. [an orb of fire]
 76558 | Zot:5    | Killed an orb of fire
 76580 | Zot:5    | Noticed an orb of fire
 76585 | Zot:5    | Killed an orb of fire
 76617 | Zot:5    | Noticed a Killer Klown
 76624 | Zot:5    | Killed a Killer Klown
 76755 | Zot:5    | Noticed a Killer Klown
 76757 | Zot:5    | Noticed an ancient lich
 76766 | Zot:5    | Killed a Killer Klown
 76769 | Zot:5    | Killed an ancient lich
 76770 | Zot:5    | Reached skill level 5 in Dodging
 76780 | Zot:5    | Noticed a Killer Klown
 76790 | Zot:5    | Killed a Killer Klown
 76899 | Zot:5    | Noticed an orb of fire
 76912 | Zot:5    | Killed an orb of fire
 76973 | Zot:5    | Got the Orb of Zot
 77001 | Zot:5    | Killed an orb of fire
 77236 | Depths:4 | Noticed Osmusmev the pandemonium lord
 77246 | Depths:4 | Gained mutation: You are weak. (Str -2) [a cacodemon]
 77726 | D:$      | Escaped with the Orb!

Illustrated notes

Levels and vault maps discovered:
D:1:      minmay_arrival_jagged, layout_basic, nicolae_kite_square_tiling_tiny,
          minmay_nonomino_d4
D:2:      kennysheep_six_static_rooms, layout_basic
D:3:      layout_loops_cross, uniq_natasha
D:4:      minmay_bubble_buster, layout_cave_pools, minivault_19, uniq_edmund
D:5:      layout_gridville, mainiacjoe_overflow_chevrons, gammafunk_ghost_smash,
          kennysheep_generic_room_14, uniq_blork_the_orc
D:6:      layout_cave_pods, xom_butterflies, gammafunk_temple_overflow_pools,
          minmay_temple_entry_mist, gup_sewer_entry_glass, uniq_maggie
D:7:      minmay_the_grid_square_5x5_3x3 [minmay_the_grid_square_5x5_plus,
          minmay_the_grid_square_5x5_seven, minmay_the_grid_square_5x5_inset,
          minmay_the_grid_square_5x5_empty,
          minmay_the_grid_square_5x5_megaprize_crossed,
          minmay_the_grid_square_5x5_gyroscope,
          minmay_the_grid_square_5x5_shuriken,
          minmay_the_grid_square_5x5_dogpile,
          minmay_the_grid_square_5x5_n_small], layout_basic,
          mainiacjoe_overflow_concentric_impassable,
          mainiacjoe_overflow_big_doors
D:8:      layout_rooms, mainiacjoe_overflow_catwalk, lemuel_round_altar,
          due_lair_maze_entry_diamond, minmay_hedge_maze, uniq_pikel
D:9:      layout_stronghold
D:10:     layout_loops_ring, hiddenorc2_lemuel, minmay_statue_crystal_thing,
          uniq_harold, uniq_snorg
D:11:     layout_basic, serial_shops, nicolae_shop_competitors_out_of_business
D:12:     layout_roguey, special_room [special_room_bee], uniq_nessos
D:13:     layout_long_grid, david_vaults_5, enter_trove_3, fedhas_altar_1
D:14:     layout_irregular_city, minmay_misc_feat_plants
D:15:     grunt_enter_depths_hoard, layout_basic, nicolae_gozag_seed_capital,
          serial_shops, nicolae_shop_back_alley_shop, shop,
          nicolae_shop_crystal, shop, nicolae_book_shop_shelving, special_room
          [special_room_orc]
Temple:   nicolae_temple_god_jail
Lair:1:   minmay_lair_venomous_thicket, layout_misc_corridors
Lair:2:   layout_small_grid, skrybe_swamp_entry_bodies, spider_nest_entry_webs,
          hibernation_bobbens
Lair:3:   layout_loops_ring, st_stairs_10, grunt_megastairs_1
Lair:4:   pond_and_an_island_with_a_cottage, layout_regular_city,
          grunt_forest_stairs_basic
Lair:5:   due_jungle_book, layout_regular_city, slime_entry_1
Swamp:1:  layout_basic_swamp, gammafunk_ghost_cemetery,
          infiniplex_staircase_pool, swamp_pool2
Swamp:2:  nzn_winding_woodlands_medium [nzn_winding_woodlands_5x5_three,
          nzn_winding_woodlands_5x15_zeroes,
          nzn_winding_woodlands_5x5_checkerboard,
          nzn_winding_woodlands_5x5_cross,
          nzn_winding_woodlands_center_pierced_h,
          nzn_winding_woodlands_5x5_open_star,
          nzn_winding_woodlands_5x5_perimeter,
          nzn_winding_woodlands_5x15_sawtooth,
          nzn_winding_woodlands_5x5_default], layout_basic_swamp,
          hangedman_swamp_pad
Swamp:3:  layout_basic_swamp, basic_altar
Swamp:4:  swamp_old_school, layout_basic_swamp, swamp_pool1,
          nicolae_swamp_snake_nest
Spider:1: layout_spider_delve, nicolae_spider_wall_of_niches
Spider:2: layout_cave_pods, nicolae_spider_altar_of_dancing,
          hangedman_spider_tarantella_strand, uniq_nikola, uniq_louise
Spider:3: layout_spider_delve, nicolae_spider_checkerboard
Spider:4: grunt_spider_rune_parallel, hellmonk_motheaten_closet
Orc:1:    layout_caves, serial_shops, nicolae_shop_crystal
Orc:2:    st_orc_pillars, layout_caves, serial_shops, shop
Elf:1:    minmay_elf_arrival_summoners, layout_rooms, serial_shops, shop,
          kennysheep_underground_church, minmay_shop_grove, uniq_roxanne
Elf:2:    elven_hall_of_blades_hangedman_original
          [nicolae_blade_entry_splitting_headache], layout_loops_cross,
          serial_shops, nicolae_shop_waterfront
Elf:3:    minmay_elf_hall_four_x, layout_geoelf_octagon, serial_shops,
          nicolae_shop_just_a_little_nook
Vaults:1: mu_enter_wizlab_1, vaults_room_pool, gammafunk_sealed_arena,
          hangedman_vaults_river_flow, nicolae_vaults_double_plus_2,
          nicolae_vaults_heart-shaped_vault, grunt_vaults_swirl, v_misc_4,
          nicolae_vaults_trapezoid_1, v_misc_8, nicolae_vaults_six-pack,
          nicolae_vaults_double_plus_2, vaults_room_corners, layout_vaults_ring
Vaults:2: v_misc_24, nicolae_vaults_ninety_degrees, nicolae_vaults_meiosis,
          minmay_crypt_entry_vampire_xt, vaults_dpeg_spiral,
          nicolae_vaults_little_squares_4, nicolae_vaults_layer_cake_slice,
          vaults_room_large_hall, nicolae_vaults_three_branches,
          nicolae_vaults_mitosis, nicolae_vaults_tetromino_L_1,
          nicolae_vaults_double_plus_2, hangedman_vaults_trim, v_misc_10,
          vaults_room_pools, nicolae_vaults_shelves_hall,
          vaults_dpeg_encased_lava, layout_vaults_omnibox, serial_shops,
          nicolae_shop_gibbet_a_chance
Vaults:3: nicolae_vaults_inception_statues, nicolae_vaults_closet_pinwheel_3,
          v_misc_5, nicolae_vaults_ellipses_ellipsis,
          nicolae_vaults_tetromino_Z_1, nicolae_vaults_apartment_2,
          nicolae_vaults_trapezoid_lopsided_1, ontoclasm_vaults_decontamination,
          nicolae_vaults_diamond_2, vaults_room_hallway, layout_vaults_omnigrid,
          serial_shops, shop, uniq_sojobo, uniq_margery, uniq_aizul, uniq_jory
Vaults:4: vaults_mumra_lcd, nicolae_vaults_tetromino_L_2,
          nicolae_vaults_disjoint_gnomons, nicolae_vaults_storage_closets_1,
          nicolae_vaults_big_angled_halls, v_misc_5,
          nicolae_vaults_security_offices_3, v_alt_pattern_1, v_rooms_3,
          vaults_mumra_minichess, nicolae_vaults_double_plus_1,
          nicolae_vaults_wine_cellar, layout_vaults_omnicross
Depths:1: layout_cave_shapes, grunt_metal_band, old_standard_altar,
          water_maze_lemuel, grunt_megastairs_4, minmay_shop_star,
          firewood_loft, uniq_bai_suzhen
Depths:2: hellmonk_crumbling_castle, layout_basic, nzn_wu_jian_council_hall,
          pan_entry, hell_entry, nicolae_wooded_promenade,
          infiniplex_staircase_door_maze
Depths:3: kennysheep_water_balloons, layout_gridlike, enter_ziggurat_d,
          abyss_entry_flame_altar, rand_demon_pan_entry_7, okawaru_gym_becter,
          hangedman_coc_ice_floe, serial_shops, shop,
          minmay_shop_enchanted_jewellery,
          hangedman_abyss_or_decor_jellyfish_corner, ice2_lemuel,
          minmay_staircase_windowed_small
Depths:4: grunt_runaround [grunt_runaround_doors_1, grunt_runaround_doors_2,
          grunt_runaround_doors_3, grunt_runaround_doors_4,
          grunt_runaround_zot], abyss_entry, hell_entry, uniq_saint_roka
Zot:1:    layout_basic, gammafunk_ghost_arena
Zot:2:    gammafunk_mikee_crab_dinner, layout_onion, grunt_ministairs_11,
          lemuel_elevator
Zot:3:    kennysheep_bubbly, layout_misc_corridors, serial_nicolae_subway,
          nicolae_sub_station_metal, nicolae_sub_station_crystal,
          nicolae_sub_station_stone
Zot:4:    layout_gridville
Zot:5:    layout_misc_corridors

Skill      XL: |  1  2  3  4  5  6  7  8  9 10 11 12 13 14 15 16 17 18 19 20 21 22 23 24 25 |
---------------+----------------------------------------------------------------------------+-----
Fire Magic     | 2 3 4 3 |  3.6
Conjurations   | 1 2 3 7 8 9 10 9 |  9.1
Poison Magic   | 1 2 4 7 8 10 9 11 | 11.0
Stealth        | 2 3 4 3 6 10 | 10.0
Air Magic      | 1 2 1 3 |  3.0
Spellcasting   | 3 4 5 6 7 8 |  8.0
Transmutations | 7 8 10 12 15 14 15 16 17 | 17.0
Fighting       | 5 9 10 11 12 13 14 15 16 18 19 | 19.9
Maces & Flails | 2 1 |  1.7
Unarmed Combat | 3 5 7 9 10 11 13 15 16 17 18 | 18.9
Necromancy     | 2 3 8 12 | 12.0
Evocations     | 3 6 8 10 12 14 15 16 18 | 18.0
Translocations | 4 6 |  6.0
Dodging        | 5 |  5.8
Short Blades   | |  0.2

Action                     |  1- 3 |  4- 6 |  7- 9 | 10-12 | 13-15 | 16-18 | 19-21 | 22-24 | 25-27 || total
---------------------------+-------+-------+-------+-------+-------+-------+-------+-------+-------++-------
  Melee: Dagger            |    53 |    34 |    45 |     1 |       |       |       |       |       ||   133
         Punch             |     3 |       |     3 |    11 |    48 |    43 |    76 |   110 |    24 ||   318
         Whip              |       |       |    93 |   246 |       |       |       |       |       ||   339
         Short sword       |       |       |       |   366 |   854 |     5 |       |       |       ||  1225
         Constrict         |       |       |       |       |   175 |    11 |    10 |     8 |     3 ||   207
         Unarmed           |       |       |       |       |   175 |   482 |   641 |   694 |   129 ||  2121
         Tailslap          |       |       |       |       |    26 |   105 |   126 |   180 |    30 ||   467
         Bite              |       |       |       |       |    23 |    74 |   101 |   135 |    23 ||   356
         Rapier            |       |       |       |       |       |    33 |    16 |       |       ||    49
         Staff             |       |       |       |       |       |       |    12 |    44 |     9 ||    65
  Throw: Throwing net      |       |       |     2 |     2 |     2 |       |       |       |       ||     6
         Dart              |       |       |       |     1 |       |       |       |       |       ||     1
   Cast: Necrotise         |    17 |     5 |       |       |       |       |       |       |       ||    22
         Foxfire           |    28 |   148 |   183 |   251 |   315 |       |       |       |       ||   925
         Mephitic Cloud    |     1 |       |     4 |    44 |    64 |     1 |       |       |       ||   114
         Ignite Poison     |       |       |     4 |    27 |    27 |   102 |    61 |    33 |     1 ||   255
         Irradiate         |       |       |       |    16 |    29 |     3 |     6 |     3 |       ||    57
         Wereblood         |       |       |       |     2 |     8 |    18 |    30 |    31 |     1 ||    90
         Dragon Form       |       |       |       |       |    23 |    70 |    65 |    97 |    14 ||   269
         Poisonous Vapours |       |       |       |       |    37 |   166 |   115 |    64 |     4 ||   386
         Olgreb's Toxic Ra |       |       |       |       |       |    20 |     5 |     8 |       ||    33
         Death Channel     |       |       |       |       |       |       |     1 |    28 |     1 ||    30
         Manifold Assault  |       |       |       |       |       |       |       |     6 |     1 ||     7
 Invoke: Sacrifice Courage |       |       |     1 |       |       |       |       |       |       ||     1
         Sacrifice Essence |       |       |       |     1 |       |       |       |       |       ||     1
         Draw Out Power    |       |       |       |     1 |     1 |     1 |       |     1 |       ||     4
         Sacrifice Durabil |       |       |       |     1 |       |       |       |       |       ||     1
         Apocalypse        |       |       |       |       |     2 |       |     3 |     3 |     1 ||     9
         Sacrifice Drink   |       |       |       |       |     1 |       |       |       |       ||     1
         Sacrifice Skill   |       |       |       |       |     1 |       |       |       |       ||     1
Ability: Spit Poison       |     6 |     1 |     2 |     1 |     2 |     1 |       |       |       ||    13
         Breathe Fire      |       |       |       |       |     7 |    13 |     4 |     2 |       ||    26
  Evoke: Wand              |       |       |     2 |    15 |     1 |     1 |     8 |    12 |     8 ||    47
         Phantom mirror    |       |       |       |     1 |       |     1 |     1 |     1 |       ||     4
         Tin of tremorston |       |       |       |       |     1 |     2 |     2 |     2 |       ||     7
         Lightning rod     |       |       |       |       |       |     4 |       |       |       ||     4
    Use: Potion            |     1 |       |       |       |     2 |     1 |     3 |     1 |     1 ||     9
         Scroll            |       |       |       |    17 |    13 |     4 |     8 |     9 |       ||    51
   Stab: Sleeping          |     1 |     6 |     1 |     4 |     4 |     4 |     2 |    10 |       ||    32
         Confused          |       |       |     5 |    16 |    16 |       |       |       |     1 ||    38
         Distracted        |       |       |     1 |       |     5 |     2 |     7 |    17 |     1 ||    33
         Paralysed         |       |       |       |    13 |     8 |     8 |     9 |    11 |     3 ||    52
         Invisible         |       |       |       |     1 |     3 |     8 |     6 |    19 |     5 ||    42
         Held in net/web   |       |       |       |     1 |       |       |       |       |       ||     1
         Petrifying        |       |       |       |       |       |       |       |     1 |       ||     1
 Armour: Robe              |    27 |    21 |    22 |       |       |       |       |       |       ||    70
         Steam dragon scal |       |       |    39 |     2 |       |       |       |       |       ||    41
         Acid dragon scale |       |       |       |   324 |   321 |       |       |       |       ||   645
         Troll leather arm |       |       |       |       |   170 |    42 |    27 |    50 |     3 ||   292
         Skin              |       |       |       |       |    63 |   343 |   206 |   275 |    38 ||   925
  Dodge: Dodged            |    62 |    45 |   137 |   454 |   603 |   198 |   170 |   197 |    22 ||  1888
         Repelled          |       |       |       |       |       |     1 |       |       |       ||     1

Table legend: (Time is in decaauts)
 A = Elapsed time spent in this place.
 B = Non-inter-level travel time spent in this place.
 C = Inter-level travel time spent in this place.
 D = Time resting spent in this place.
 E = Time spent auto-exploring this place.
 F = Levels seen in this place.
 G = Mean time per level.
                   A        B        C        D        E       F      G
               +--------+--------+--------+--------+--------+-----+--------+
         Total |  88613 |  82887 |   5726 |  20785 |  47092 |  51 | 1737.5 |
       Dungeon |  28088 |  25155 |   2933 |   6163 |  15039 |  15 | 1872.5 |
        Temple |    119 |    107 |     12 |      0 |     39 |   1 |  119.0 |
          Lair |  12442 |  11829 |    613 |   4045 |   5317 |   5 | 2488.4 |
         Swamp |   5721 |   5566 |    155 |   1160 |   3467 |   4 | 1430.2 |
   Spider Nest |   7089 |   6917 |    172 |   1887 |   4085 |   4 | 1772.2 |
  Orcish Mines |   3845 |   3484 |    361 |    854 |   1799 |   2 | 1922.5 |
   Elven Halls |   6417 |   6188 |    229 |   1658 |   3582 |   3 | 2139.0 |
        Vaults |   7061 |   6529 |    532 |    310 |   5254 |   4 | 1765.2 |
        Depths |   6776 |   6427 |    349 |    815 |   4520 |   4 | 1694.0 |
           Zot |   9183 |   8817 |    366 |   3406 |   3492 |   5 | 1836.6 |
         Abyss |    267 |    267 |      0 |      0 |     29 |   1 |  267.0 |
         Trove |     99 |     99 |      0 |      0 |      0 |   1 |   99.0 |
         Sewer |    435 |    435 |      0 |    124 |    226 |   1 |  435.0 |
        Wizlab |   1067 |   1067 |      0 |    360 |    239 |   1 | 1067.0 |
               +--------+--------+--------+--------+--------+-----+--------+

Top non-repeatable levels by time:
   Elf:3: 4109 daAuts
     D:7: 3246 daAuts
   Zot:2: 3030 daAuts
   Orc:2: 2990 daAuts
  Lair:2: 2930 daAuts
     D:8: 2701 daAuts
Spider:4: 2679 daAuts
  Lair:5: 2643 daAuts
    D:13: 2533 daAuts
  Lair:3: 2383 daAuts
  Lair:4: 2315 daAuts
   Zot:3: 2177 daAuts
  Lair:1: 2169 daAuts
Depths:3: 2111 daAuts
    D:11: 2083 daAuts
